 Dungeon Crawl Stone Soup version 0.32-a0-961-gd60f5e5fc7 (webtiles) character file.

Game seed: 6775051059018097651

117 smashvw the Shooter (level 4, -5/38 HPs)
             Began as a Draconian Hunter on Apr 16, 2024.
             Slain by a crocodile (11 damage)
             ... in a sewer on Apr 17, 2024.
             The game lasted 00:04:32 (1643 turns).

smashvw the Shooter (Draconian Hunter)              Turns: 1643, Time: 00:04:32

Health: -5/38      AC:  6    Str: 14    XL:     4   Next: 71%
Magic:  4/4        EV: 12    Int:  9    God:
Gold:   78         SH:  0    Dex: 16    Spells: 3/3 levels left

rFire   . . .        a - +0 shortbow
rCold   . . .        (shield currently unavailable)
rNeg    . . .        (body armour unavailable)
rPois   .            j - +0 hat
rElec   .            (no cloak)
rCorr   .            h - +0 pair of gloves
SInv    .            (no boots)
Will    .....        (no amulet)
Stlth   ++           (no ring)
HPRegen 0.26/turn    (no ring)
MPRegen 0.09/turn

%: no passive effects
@: no status effects
A: AC +5, unfitting armour, cold-blooded
a: no special abilities


You were in a sewer.
You visited 1 branch of the dungeon, and saw 3 of its levels.
You also visited: Sewer.

You collected 78 gold pieces.

Inventory:

Hand Weapons
 a - a +0 shortbow (weapon)
Armour
 h - a +0 pair of gloves (worn)
 j - a +0 hat (worn)
Wands
 f - a wand of acid (6)
Scrolls
 b - a scroll of butterflies
 c - 2 scrolls of teleportation {unknown}
 k - a scroll of fear {unknown}
Potions
 d - a potion of degeneration {unknown}
 e - 2 potions of heal wounds {unknown}
 g - a potion of curing {unknown}
 i - a potion of lignification {unknown}


   Skills:
 + Level 3.4 Fighting
 - Level 3.6 Ranged Weapons
 + Level 2.7 Dodging
 - Level 2.0 Stealth
 + Level 2.1 Unarmed Combat


You had 3 spell levels left.
You didn't know any spells.
Your spell library was empty.

Dungeon Overview and Level Annotations

Branches:
Dungeon (3/15)              Sewer (1/1)

Altars:


Innate Abilities, Weirdness & Mutations

Your plain brown scales are hard. (AC +5)
You cannot fit into any form of body armour.
You are cold-blooded and may be slowed by cold attacks.


Message History

You enter the shallow water.
Moving in this stuff is going to be slow.
Things that are here:
a +0 short sword; a stone; a kobold corpse
k - a scroll labelled BEMUIS LIFITAA You enter the shallow water.
Moving in this stuff is going to be slow.
You enter the shallow water.
Moving in this stuff is going to be slow.
You enter the shallow water.
Moving in this stuff is going to be slow.
A crocodile comes into view.
Found 19 gold pieces and 5 stones.
You shoot an arrow. The arrow hits the crocodile!
The crocodile is moderately wounded.
You enter the shallow water.
Moving in this stuff is going to be slow.
You shoot an arrow. The arrow hits the crocodile.
The crocodile is moderately wounded.
You shoot an arrow. The arrow hits the crocodile.
The crocodile is moderately wounded.
You shoot an arrow. The arrow hits the crocodile.
The crocodile is moderately wounded.
You shoot an arrow. The arrow hits the crocodile.
The crocodile is heavily wounded.
The crocodile bites you! The crocodile drags you backwards!
You shoot an arrow.
The arrow hits the crocodile but does no damage.
The crocodile is heavily wounded.
The crocodile bites you! The crocodile drags you backwards!
You are too injured to fight recklessly!
You shoot an arrow. The arrow hits the crocodile.
The crocodile is heavily wounded.
The crocodile completely misses you.
You shoot an arrow. The arrow hits the crocodile!
The crocodile is almost dead.
The crocodile bites you!
* * * LOW HITPOINT WARNING * * *
The crocodile drags you backwards! The crocodile bites you!
You die...

## ##
#($#.
$.#~#
#~~~
##..~##
#~~..l#
#....@##
#...#...#
#. ##..##
#~..#
##.~# #.
#..# #.~
#..# #..#
##..#
#..~
#.~.#


You could see a crocodile.

Vanquished Creatures
  5 gnolls
  A ribbon worm (D:2)
  3 dart slugs
  4 orcs (D:3)
  A ball python (D:2)
  4 endoplasms
  2 giant cockroaches (D:2)
  4 goblins
  3 hobgoblins
  4 jackals (Sewer)
  6 kobolds
  3 quokkas
  2 bats
  3 frilled lizards (D:1)
  8 rats
53 creatures vanquished.

Notes
Turn   | Place    | Note
-------+----------+-------------------------------------------
     0 | D:1      | smashvw the Draconian Hunter began the quest for the Orb.
     0 | D:1      | Reached XP level 1. HP: 17/17 MP: 1/1
    13 | D:1      | Reached skill level 1 in Stealth
   194 | D:1      | Found a faded altar of an unknown god.
   289 | D:1      | Reached XP level 2. HP: 24/24 MP: 2/2
   628 | D:1      | Upgraded the game from 0.32-a0-938-g40ac7a0f4d to
                  | 0.32-a0-961-gd60f5e5fc7
   657 | D:2      | Reached skill level 1 in Unarmed Combat
   657 | D:2      | Reached XP level 3. HP: 30/30 MP: 3/3
  1049 | D:2      | Reached XP level 4. HP: 38/38 MP: 4/4
  1560 | D:3      | Found a glowing drain.
  1569 | Sewer    | Entered a sewer
  1634 | Sewer    | Noticed a crocodile
  1643 | Sewer    | Slain by a crocodile

Illustrated notes

Levels and vault maps discovered:
D:1:      saegor_arrival_simple_c, layout_loops_ring,
          hellmonk_ecumenical_altar_arch_garden, serial_glass, glass_columns_b,
          glass_columns_b, glass_columns_a, glass_columns_b, glass_columns_a,
          glass_columns_c, solitary_fountain, minivault_25
D:2:      layout_loops_ring
D:3:      layout_rooms, portal_sewer_entry_f, serial_shops, shop, uniq_terence,
          uniq_grinder
Sewer:    sewer_the_crocodile

Skill      XL: |  1  2  3  4 |
---------------+-------------+-----
Stealth        | 2 |  2.0
Dodging        | 2 |  2.7
Unarmed Combat | 1 2 |  2.1
Fighting       | 3 |  3.4
Ranged Weapons | |  3.6

Action                     |  1- 3 |  4- 6 || total
---------------------------+-------+-------++-------
   Fire: Shortbow          |    90 |    85 ||   175
 Armour: Skin              |    17 |    56 ||    73
  Dodge: Dodged            |    24 |    65 ||    89

Table legend: (Time is in decaauts)
 A = Elapsed time spent in this place.
 B = Non-inter-level travel time spent in this place.
 C = Inter-level travel time spent in this place.
 D = Time resting spent in this place.
 E = Time spent auto-exploring this place.
 F = Levels seen in this place.
 G = Mean time per level.
                   A        B        C        D        E       F      G
               +--------+--------+--------+--------+--------+-----+--------+
         Total |   1688 |   1645 |     43 |     92 |   1175 |   4 |  422.0 |
       Dungeon |   1604 |   1561 |     43 |     92 |   1130 |   3 |  534.7 |
         Sewer |     83 |     83 |      0 |      0 |     45 |   1 |   83.0 |
               +--------+--------+--------+--------+--------+-----+--------+

Top non-repeatable levels by time:
     D:2: 754 daAuts
     D:1: 650 daAuts
     D:3: 199 daAuts
   Sewer: 83 daAuts
